 Dungeon Crawl Stone Soup version 0.25.0-33-gff14898491 (webtiles) character file.

Game seed: 2528567150164155581

389 Gwenloh the Chopper (level 6, -2/56 HPs)
             Began as a Hill Orc Monk on July 7, 2020.
             Was a Believer of Beogh.
             Slain by Sigmund
             ... wielding a +0 scythe
              (4 damage)
             ... on level 4 of the Dungeon.
             The game lasted 00:10:11 (3753 turns).

Gwenloh the Chopper (Hill Orc Monk)                 Turns: 3753, Time: 00:10:12

Health: -2/56      AC:  7    Str: 14    XL:     6   Next: 79%
Magic:  1/6        EV: 12    Int: 10    God:    Beogh [**....]
Gold:   170        SH:  0    Dex: 15    Spells: 5/5 levels left

rFire    . . .     SeeInvis .   a - +2 hand axe (flame)
rCold    . . .     Gourm    .   (no shield)
rNeg     . . .     Faith    .   m - +0 ring mail
rPois    .         Spirit   .   (no helmet)
rElec    .         Reflect  .   r - +0 cloak
rCorr    .         Harm     .   j - +0 pair of gloves
MR       .....                  (no boots)
Stlth    +.........             (no amulet)
HPRegen  0.18/turn              (no ring)
MPRegen  0.10/turn              (no ring)

@: lethally poisoned (-2 -> -5)
A: no striking features
a: Smiting, Renounce Religion


You were on level 4 of the Dungeon.
You worshipped Beogh.
Beogh was pleased with you.
You were not hungry.

You visited 1 branch of the dungeon, and saw 4 of its levels.

You collected 170 gold pieces.

Inventory:

Hand Weapons
 a - a +2 hand axe of flaming (weapon)
 b - a +0 trident
 w - a +0 war axe
Missiles
 d - 154 stones
 e - 45 bolts
 n - 17 poisoned darts (quivered)
Armour
 j - a +0 pair of gloves (worn)
 m - a +0 ring mail (worn)
 r - a +0 cloak (worn)
Jewellery
 f - an uncursed ring of protection from cold {unknown}
Wands
 x - a wand of acid (8)
Scrolls
 g - 2 scrolls of enchant armour {unknown}
 h - 2 scrolls of fear {unknown}
 k - 3 scrolls of identify {unknown}
 l - a scroll of teleportation {unknown}
 p - 2 scrolls of enchant weapon {unknown}
 t - a scroll of magic mapping {unknown}
Potions
 i - a potion of degeneration {unknown}
 o - 2 potions of brilliance {unknown}
 q - 3 potions of curing {unknown}
 s - a potion of might {unknown}
 u - 2 potions of lignification {unknown}
Comestibles
 c - 3 rations


   Skills:
 * Level 5.1 Fighting
 * Level 6.8 Axes
 * Level 3.0 Armour
 + Level 3.4 Dodging
 - Level 1.5 Stealth
 * Level 0.4 Invocations


You had 5 spell levels left.
You didn't know any spells.
Your spell library contained the following spells:

 Spells                   Type           Power        Failure   Level  Hunger
 Confusing Touch          Hex            #.......     92%         3    ####...
 Gell's Gravitas          Tloc           #.........   92%         3    ####...
 Petrify                  Tmut/Erth      #.......     100%        4    #####..
 Metabolic Englaciation   Hex/Ice        #.........   100%        5    ######.
 Yara's Violent Unravell  Hex/Tmut       #.........   100%        5    ######.


Dungeon Overview and Level Annotations

Branches:
Dungeon (4/15)             Temple (0/1) D:4

Altars:

Annotations:
D:4 Sigmund


Message History

The worker ant is heavily wounded.
You hit the worm. You burn the worm.
You feel sick. The worker ant bites you.
* * * LOW HITPOINT WARNING * * *
Something hits you!
* * * LOW HITPOINT WARNING * * *
The worm bites you but does no damage.
Okay, then.
Unknown command.
Unknown command.
Unknown command.
You hit the worm. You burn the worm.
The worm is severely wounded.
You hit the worker ant but do no damage.
The worker ant closely misses you.
You hit the worm. You burn the worm.
The worm is almost dead.
You hit the worker ant. You burn the worker ant.
* * * LOW HITPOINT WARNING * * *
You feel sick. The worker ant barely misses you. Something hits you.
You die...

........###
#.........##
#..........##
##.(........##
............#
#(.........#
#{........#
#.aw....#
##.@##### #..#
#..## ##..#
#..# #..##
##..# #..#
#..##


You could see a worm and a worker ant.

Vanquished Creatures
  2 ogres
  Crazy Yiuf (D:2)
  An orc wizard (D:4)
  7 adders
  An ooze (D:3)
  3 worms
  3 leopard geckos
  13 orcs
  6 giant cockroaches
  5 goblins
  4 hobgoblins
  11 kobolds
  2 quokkas (D:2)
  12 bats
  5 frilled lizards
  4 rats
  A bush (D:2)
81 creatures vanquished.

Notes
Turn   | Place    | Note
-------+----------+-------------------------------------------
     0 | D:1      | Gwenloh the Hill Orc Monk began the quest for the Orb.
     0 | D:1      | Reached XP level 1. HP: 19/19 MP: 1/1
   228 | D:1      | Reached XP level 2. HP: 27/27 MP: 2/2
   711 | D:1      | Reached skill level 1 in Armour
   800 | D:2      | Reached XP level 3. HP: 30/33 MP: 3/3
  1185 | D:2      | Reached skill level 5 in Axes
  1185 | D:2      | Reached XP level 4. HP: 40/40 MP: 4/4
  1804 | D:2      | Noticed an ogre
  1812 | D:2      | Killed an ogre
  1812 | D:2      | Reached XP level 5. HP: 47/47 MP: 5/5
  2097 | D:2      | Found a runed translucent door.
  2098 | D:2      | Noticed Crazy Yiuf
  2106 | D:2      | Killed Crazy Yiuf
  2106 | D:2      | Reached skill level 6 in Axes
  2383 | D:3      | Became a worshipper of Beogh the Brigand
  2383 | D:3      | Reached * piety under Beogh
  2383 | D:3      | Reached ** piety under Beogh
  2658 | D:3      | Reached XP level 6. HP: 51/53 MP: 6/6
  2758 | D:3      | Reached skill level 5 in Fighting
  3560 | D:4      | Found a staircase to the Ecumenical Temple.
  3733 | D:4      | Noticed Sigmund
  3751 | D:4      | HP: 2/56 [something (8)]
  3753 | D:4      | Slain by Sigmund

Illustrated notes

Levels and vault maps discovered:
D:1:      dpeg_arrival_round_b, layout_loops_ring, st_stairs_10
D:2:      layout_loops_ring, uniq_crazy_yiuf_cottage
D:3:      layout_basic
D:4:      layout_cave_pods, minmay_temple_entry_gardened_gates, first_ration,
          uniq_sigmund

Skill      XL: |  1  2  3  4  5  6 |
---------------+-------------------+-----
Armour         | 1 2 3 |  3.0
Fighting       | 4 5 |  5.1
Axes           | 5 6 |  6.8
Dodging        | 3 |  3.4
Stealth        | |  1.5
Invocations    | |  0.4

Action                   |  1- 3 |  4- 6 || total
-------------------------+-------+-------++-------
Melee: Hand axe          |    79 |   196 ||   275
Throw: Dart              |     9 |    19 ||    28
Invok: Convert to Beogh  |       |     1 ||     1
       Smiting           |       |     2 ||     2
 Stab: Sleeping          |     8 |       ||     8
  Eat: Chunk             |     1 |     6 ||     7
       Ration            |       |     1 ||     1
Armor: Robe              |    17 |     1 ||    18
       Ring mail         |       |    27 ||    27
Dodge: Dodged            |    61 |    65 ||   126
